Map: Blackpink LE

Players

Krr - Winner!

  • Race: Protoss Protoss
  • Spawn Location: 7:00

Ryung

  • Race: Terran Terran
  • Spawn Location: 1:00

Event: IEM Season 12 - Katowice

VOD

Have the link to the VOD?

Description

Time

  • Played on: Feb. 26, 2018, 5:19 a.m.
  • Length: 13:01

All games in this series

Show
View Real Time Build Order
Export as new Build Order

Krr Protoss - Winner!

Build Orders:  

Get SALT Encoding   

  12  0:00  Probe  
  13  0:12  Probe  
  14  0:17  Pylon  
  14  0:24  Probe (Chrono Boost)  
  15  0:37  Probe (Chrono Boost)  
  15  0:39  Gateway  
  16  0:43  Probe (Chrono Boost)  
  16  0:47  Assimilator  
  17  0:51  Probe  
  18  0:58  Pylon  
  18  1:03  Probe  
  19  1:15  Probe  
  19  1:17  Gateway  
  20  1:26  Cybernetics Core  
  20  1:29  Probe  
  21  1:34  Assimilator  
  21  1:41  Probe  
  22  1:53  Probe  
  23  2:00  Warp Gate (Chrono Boost)  
  23  2:02  Adept (Chrono Boost)  
  23  2:07  Pylon  
  28  2:11  Adept (Chrono Boost)  
  27  2:21  Adept  
  29  2:31  Adept  
  29  2:35  Stargate  
  31  2:39  Gateway  
  31  2:50  Adept  
  33  2:58  Adept  
  35  3:00  Pylon  
  35  3:15  Void Ray (Chrono Boost)  
  39  3:20  Stalker  
  41  3:49  Pylon  
  41  3:51  Void Ray (Chrono Boost)  
  45  4:08  Pylon  
  45  4:10  Zealot, Stalker x2  
  51  4:18  Probe  
  52  4:33  Void Ray  
  52  4:54  Adept x3  
  48  5:23  Stalker x3  
  9  9:15  Oracle (Chrono Boost)  
  12  10:20  Probe  
  11  12:27  Phoenix (Chrono Boost)  
Show
View Real Time Build Order
Export as new Build Order

Ryung Terran 

Build Orders: Cyclone Opening, Gas First Reaper Expand, Reaper Expand 

Get SALT Encoding   

  12  0:00  SCV  
  13  0:13  SCV  
  14  0:17  Supply Depot  
  14  0:25  SCV  
  15  0:30  Refinery  
  15  0:38  SCV  
  16  0:43  Barracks  
  16  0:50  SCV  
  17  1:03  SCV  
  18  1:15  SCV  
  19  1:31  Reaper, Orbital Command  
  20  1:42  Command Center  
  20  1:52  Factory  
  20  1:57  SCV  
  21  2:03  Refinery  
  21  2:08  Barracks Reactor  
  21  2:09  SCV  
  21  2:15  Supply Depot  
  22  2:20  Bunker  
  22  2:25  SCV  
  22  2:39  SCV  
  22  2:40  Cyclone  
  26  2:44  Marine x2  
  28  2:52  SCV  
  28  2:56  Supply Depot  
  29  3:02  Starport  
  29  3:06  SCV  
  29  3:11  Command Center  
  30  3:17  Factory Tech Lab  
  30  3:18  SCV  
  31  3:23  Marine x2  
  33  3:30  SCV  
  33  3:33  Supply Depot  
  34  3:40  Starport Tech Lab  
  34  3:46  SCV  
  34  3:52  Marine x2  
  36  3:58  Cloaking Field, Banshee  
  36  3:59  SCV  
  40  4:11  Siege Tank, Marine x2  
  45  4:20  SCV  
  45  4:29  Orbital Command  
  45  4:31  Marine  
  45  4:32  Marine  
  47  4:45  Banshee  
  49  4:58  Marine  
  49  4:59  Marine  
  51  5:05  SCV  
  52  5:18  Marine x2  
  21  5:47  Viking  

Tags
 
Add a new tag
Caveats
  • Supply blocks, unpowered buildings, or Contaminate may cause inaccurate times.
  • Supply counts are checked every 10 seconds.